[Event "Team 45 45 League T79"]
[Site "Internet Chess Club"]
[Date "2019.01.11"]
[Round "3"]
[White "President"]
[Black "QuieroAprender"]
[Result "0-1"]
[WhiteElo "1633"]
[BlackElo "1676"]
[Opening "Nimzovich-Larsen attack: modern variation"]
[ECO "A01"]
[Time "21:07:28"]
[TimeControl "2700+45"]

1. b3 e5 2. Bb2 d6 3. e3 Nf6 4. d4 exd4 5. Qxd4 Nc6 6. Bb5 Bd7 7. Bxc6 Bxc6 8.
Nf3 Be7 9. Nc3 a6 10. O-O-O h6 11. e4 Qd7 12. Rhe1 O-O-O 13. h3 Rhe8 14. Nd5 Qe6
15. Nxe7+ Qxe7 16. Nd2 Qe5 17. Qa7 Qg5 18. Bxf6 Qxf6 19. Kb1 Qg5 20. g3 Qc5 21.
Qxc5 dxc5 22. f3 b5 23. Kc1 Rd4 24. c3 Rd3 25. Kc2 Red8 26. Re2 f6 27. Rg1 c4
28. f4 Be8 29. bxc4 bxc4 30. Nxc4 Ba4+ 31. Kb2 Bb5 32. Na3 Rf3 33. Nxb5 axb5 34.
e5 Rdd3 35. exf6 gxf6 36. Re8+ Kb7 37. Rg8 Rxc3 38. Rg6 b4 39. h4 Rf2+ 40. Kb1
Rcc2 41. Re1 Rb2+ 42. Ka1 Rxa2+ 43. Kb1 Rfb2+ 44. Kc1 Rb3 45. Rxf6 Ra1+ 46. Kc2
Rc3+ 47. Kd2 Ra2+ 48. Kd1 b3 49. Re4 Rxg3 50. Rb4+ Ka7 51. Re6 Rg1+ {White
resigns} 0-1

[Event "Team 45 45 League T79"]
[Site "Internet Chess Club"]
[Date "2019.01.14"]
[Round "3"]
[White "Andressa"]
[Black "RD1974"]
[Result "1/2-1/2"]
[WhiteElo "1390"]
[BlackElo "1598"]
[Opening "French: exchange variation"]
[ECO "C01"]
[Time "19:36:38"]
[TimeControl "2700+45"]

1. e4 e6 2. d4 d5 3. exd5 exd5 4. Nf3 Nf6 5. Be2 Nc6 6. O-O Bd6 7. Nc3 Ne7 8.
Bg5 Bf5 9. Bxf6 gxf6 10. Nh4 Be6 11. Bg4 f5 12. Bf3 Nc6 13. Qd3 Qxh4 14. g3 Rg8
15. Ne2 f4 16. Bg2 fxg3 17. fxg3 Qh6 18. Qb3 O-O-O 19. Rad1 Rg4 20. Rd3 Bb4 21.
Bf3 Rg5 22. Nf4 Ba5 23. c3 Bf5 24. Re3 Bb6 25. Bxd5 Nxd4 26. cxd4 Bh3 27. Rd1
Qf6 28. Red3 Bg4 29. R1d2 Bf5 30. Rf3 Qd6 31. Kg2 Bg4 32. Rfd3 h5 33. h4 Rg7 34.
Bxf7 Bf5 35. Be6+ Bxe6 36. Nxe6 Rg4 37. Nxd8 Qxd8 38. Qe6+ Kb8 39. Qf5 Qh8 40.
Rf3 Rg8 41. Rdf2 a6 42. Rd2 Ka7 43. d5 Qh6 44. Qf4 Qg6 45. d6 Qb1 46. Rf1 Qg6
47. dxc7 Qc6+ 48. Rf3 Bxc7 49. Qe3+ Ka8 50. Kh2 Qg6 51. Rg2 Qg4 52. Rf7 Qxh4+
53. Kg1 Qd8 54. Qe7 Bb6+ 55. Kh2 Qb8 56. Rg7 Re8 57. Qh4 Rh8 58. Rc2 Qe5 59. Qe7
Qb8 60. Rd2 h4 61. Kg2 hxg3 62. Rh7 Re8 63. Qf7 Re1 64. Rd7 Rg1+ 65. Kh3 Rh1+
66. Kg2 Rg1+ 67. Kh3 Qc8 68. Qf3 g2 69. Qxb7+ Qxb7 70. Rxb7 Bd4 71. Rbd7 Rh1+
72. Kxg2 Rxh7 73. Rxh7 Bxb2 74. a4 a5 75. Kf3 Bc3 76. Ke4 Bb4 77. Kd5 Kb8 78.
Kc6 Ka8 79. Kb6 Bd6 80. Kxa5 Kb8 81. Kb6 Ka8 82. a5 Be5 83. Re7 Bd6 84. Re8+ Bb8
85. Re7 Bd6 86. Rd7 Be5 87. a6 Bf4 88. Kc6 Be3 89. Re7 Bg1 90. Kb5 Bf2 {Game
drawn by mutual agreement} 1/2-1/2

[Event "Team 45 45 League T79"]
[Site "Internet Chess Club"]
[Date "2019.01.14"]
[Round "3"]
[White "ChessMaine"]
[Black "olivermx"]
[Result "1-0"]
[WhiteElo "1482"]
[BlackElo "1132"]
[Opening "Queen's pawn game"]
[ECO "D00"]
[Time "20:00:43"]
[TimeControl "2700+45"]

1. d4 d5 2. e3 e6 3. Bd3 c5 4. c3 Nf6 5. Nd2 Be7 6. f4 Nbd7 7. Ngf3 O-O 8. Ne5
c4 9. Bc2 Nxe5 10. fxe5 Nd7 11. O-O Bg5 12. Rf3 f6 13. exf6 Bxf6 14. Rh3 h6 15.
Qg4 Nb6 16. Qg6 Bd7 17. Rxh6 Be8 18. Rh8+ {Black resigns} 1-0

[Event "Team 45 45 League T79"]
[Site "Internet Chess Club"]
[Date "2019.01.13"]
[Round "3"]
[White "QuieroAprender"]
[Black "Ecclesiastic"]
[Result "1-0"]
[WhiteElo "1690"]
[BlackElo "1612"]
[Opening "Sicilian"]
[ECO "B50"]
[Time "13:00:59"]
[TimeControl "2700+45"]

1. e4 c5 2. Nf3 d6 3. Nc3 Nc6 4. Bc4 e6 5. O-O Nf6 6. Re1 Be7 7. a3 d5 8. exd5
exd5 9. Ba2 Be6 10. d4 b6 11. h3 O-O 12. Be3 Qd7 13. Ne5 Qb7 14. Nxc6 Qxc6 15.
Qd2 Rfd8 16. Ne2 Rac8 17. c3 Bd6 18. Bf4 a5 19. Rad1 Bf8 20. f3 c4 21. Bb1 g6
22. g4 a4 23. Ng3 Bg7 24. h4 Re8 25. h5 Nxg4 26. hxg6 fxg6 27. fxg4 Bxg4 28.
Rxe8+ Rxe8 29. Re1 Kf7 30. Be5 Kg8 31. Qf4 Qe6 32. Bc2 Rf8 33. Qg5 b5 34. Rf1
Rxf1+ 35. Nxf1 Bf8 36. Ne3 Bh5 37. Kg2 Be7 38. Qh6 Bf8 39. Qf4 Be7 40. Bd1 Bxd1
41. Nxd1 g5 42. Qg3 h5 43. Ne3 Qg6 44. Qf3 Qe4 45. Nxd5 Qc2+ 46. Kg1 Qc1+ 47.
Qf1 Qxf1+ 48. Kxf1 Bd8 49. Bf6 Ba5 50. Bxg5 Kf7 51. Nf4 b4 52. axb4 a3 53. bxa3
{Black resigns} 1-0

[Event "Team 45 45 League T79"]
[Site "Internet Chess Club"]
[Date "2019.01.13"]
[Round "3"]
[White "zajohns"]
[Black "mongmong"]
[Result "0-1"]
[WhiteElo "1338"]
[BlackElo "1474"]
[Opening "French defense"]
[ECO "C00"]
[Time "17:00:45"]
[TimeControl "2700+45"]

1. e4 e6 2. Nf3 d5 3. exd5 exd5 4. d4 Bg4 5. Be2 Bd6 6. O-O Ne7 7. Nc3 c6 8. Re1
O-O 9. Qd3 Qc7 10. g3 Nd7 11. Nd1 Rfe8 12. Ne3 Bh5 13. Ng5 Bg6 14. Qd1 h6 15.
Nf3 Nf6 16. Nd2 Nf5 17. Nxf5 Bxf5 18. Nf3 Re7 19. Be3 Rae8 20. Qd2 Ng4 21. Nh4
Nxe3 22. fxe3 Bh7 23. Rf1 Bxg3 24. Nf3 Bd6 25. Rae1 Bg6 26. Bd3 Bxd3 27. Qxd3
Re4 28. Re2 Qe7 29. Rfe1 Bf4 30. Kf2 Bb8 31. b3 Qe6 32. Rg1 Qf6 33. Rf1 Bxh2 34.
Ke1 Bg3+ 35. Kd1 Qe6 36. Kd2 Qe7 37. Rg1 Bf4 38. Rge1 Bg5 39. Nxg5 Qxg5 40. Rf1
Qe7 41. Ree1 Qa3 42. Ra1 Rxe3 43. Qxe3 Rxe3 44. Kxe3 Qb2 45. Kd3 Qa3 46. Rfe1 g6
47. Re8+ Kg7 48. Rf1 Qd6 49. Rfe1 a5 50. Ra8 b6 51. Ree8 h5 52. Rg8+ Kf6 53. Rh8
h4 54. Rab8 b5 55. Kc3 Qg3+ 56. Kb2 Qf2 57. Rb6 Qxd4+ {White resigns} 0-1

[Event "Team 45 45 League T79"]
[Site "Internet Chess Club"]
[Date "2019.01.12"]
[Round "3"]
[White "smsxman"]
[Black "PawnToH4"]
[Result "1-0"]
[WhiteElo "1370"]
[BlackElo "1294"]
[Opening "Four knights game"]
[ECO "C47"]
[Time "12:00:21"]
[TimeControl "2700+45"]

1. e4 e5 2. Nc3 Nf6 3. Nf3 Nc6 4. Be2 Bc5 5. O-O d5 6. exd5 Nxd5 7. Bb5 Qd6 8.
Bxc6+ bxc6 9. Nxe5 O-O 10. Nf3 Nf4 11. Ne4 Qg6 12. Ng3 h5 13. d4 Bd6 14. Bxf4
Bxf4 15. Ne5 Bxe5 16. dxe5 h4 17. Ne2 h3 18. Nf4 Qg5 19. Qd4 hxg2 20. Nxg2 Bh3
21. Qe4 f5 22. Qf3 Bg4 23. Qxc6 f4 24. Kh1 f3 25. Ne3 Bh3 26. Rg1 Qxe5 27. Qd5+
Qe6 28. Rg3 Bg2+ 29. Kg1 Qxd5 30. Nxd5 c6 31. Ne3 Rae8 32. Nxg2 fxg2 33. Kxg2
Re2 34. Rf3 Rxc2 35. Rxf8+ Kxf8 36. Rb1 Kf7 37. Kf3 Kf6 38. a4 a5 39. Ke3 g5 40.
h3 Kf5 41. f3 Rh2 42. Rc1 Rxh3 43. Rxc6 g4 44. Rc5+ Kg6 45. Rxa5 gxf3 46. b4
{Black resigns} 1-0

[Event "Team 45 45 League T79"]
[Site "Internet Chess Club"]
[Date "2019.01.12"]
[Round "3"]
[White "zadagat"]
[Black "dabodhi"]
[Result "0-1"]
[WhiteElo "1097"]
[BlackElo "1235"]
[Opening "Queen's pawn game"]
[ECO "D00"]
[Time "15:34:03"]
[TimeControl "2700+45"]

1. d4 Nf6 2. Nc3 d5 3. Nf3 e6 4. e3 Bb4 5. Bd3 c6 6. O-O Qc7 7. Ne5 Nbd7 8. f4
a6 9. Ne2 c5 10. c3 Ba5 11. Bd2 c4 12. Bc2 b5 13. f5 Nb6 14. b4 cxb3 15. axb3
Nbd7 16. b4 Bb6 17. Nf4 Nxe5 18. dxe5 Qxe5 19. Nh5 Bxe3+ 20. Bxe3 Qxe3+ 21. Rf2
Qg5 22. Nxf6+ gxf6 23. Qf3 Ke7 24. Re1 Rg8 25. Qf4 e5 26. Bb3 Bb7 27. h4 Qxf4
28. Rxf4 d4 29. cxd4 Rxg2+ 30. Kf1 Rag8 31. Rf2 Rg1+ 32. Ke2 Rxe1+ 33. Kxe1 exd4
34. Re2+ Kd6 35. Bxf7 Rd8 36. Re6+ Kc7 37. Re7+ Rd7 38. Rxd7+ Kxd7 39. Be6+ Kd6
40. Kd2 Ke5 41. Kd3 Be4+ 42. Kd2 Bxf5 43. Bxf5 Kxf5 44. Kd3 Kf4 45. Kxd4 f5 46.
Kd3 Kf3 47. Kd2 Kf2 48. Kd3 f4 49. Ke4 f3 50. Kf4 Ke2 51. Kg3 f2 52. h5 f1=Q 53.
h6 Qf3+ 54. Kh4 Qg2 55. Kh5 Kf3 56. Kh4 Kf4 57. Kh5 Qh2# {White checkmated} 0-1

[Event "Team 45 45 League T79"]
[Site "Internet Chess Club"]
[Date "2019.01.14"]
[Round "3"]
[White "Kingfisher75"]
[Black "LuFran"]
[Result "1-0"]
[WhiteElo "1565"]
[BlackElo "1624"]
[Opening "Sicilian: Nimzovich-Rossolimo attack (with ...g6, without ...d6)"]
[ECO "B31"]
[Time "18:00:35"]
[TimeControl "2700+45"]

1. e4 c5 2. Nf3 Nc6 3. Bb5 g6 4. Bxc6 bxc6 5. O-O Bg7 6. Re1 Nf6 7. e5 Nd5 8. c3
O-O 9. d4 cxd4 10. cxd4 Bb7 11. Nc3 a6 12. Nxd5 cxd5 13. Bf4 e6 14. Qd2 Re8 15.
Bh6 Bxh6 16. Qxh6 f5 17. exf6 Qxf6 18. Ng5 Re7 19. Re3 Rf8 20. Rf3 Qg7 21. Rxf8+
Qxf8 22. Qxf8+ Kxf8 23. f4 a5 24. Rc1 Ba6 25. Rc5 a4 26. Ra5 Bd3 27. Rxa4 Bf5
28. Ra8+ Kg7 29. b4 h6 30. Nf3 d6 31. a4 Rb7 32. b5 Bc2 33. Kf2 Kf7 34. Ke3 Bf5
35. Ra6 Ke7 36. b6 Kd7 37. Ra7 {Black resigns} 1-0

[Event "Team 45 45 League T79"]
[Site "Internet Chess Club"]
[Date "2019.01.10"]
[Round "3"]
[White "Hectormercado"]
[Black "Kingofknights"]
[Result "0-1"]
[WhiteElo "1465"]
[BlackElo "1451"]
[Opening "Caro-Kann: Tartakower (fantasy) variation"]
[ECO "B12"]
[Time "18:00:57"]
[TimeControl "2700+45"]

1. e4 c6 2. d4 d5 3. f3 Nd7 4. e5 e6 5. f4 c5 6. c3 cxd4 7. cxd4 Bb4+ 8. Nc3 Ne7
9. Nf3 Nc6 10. Be3 f5 11. Bf2 Nb6 12. Bd3 Bd7 13. O-O a6 14. Bh4 Qc7 15. Ng5
Nxd4 16. Qh5+ g6 17. Qd1 Bc5 18. Bf2 h6 19. Nh3 Nb5 20. Rc1 Nxc3 21. Rxc3 Bxf2+
22. Nxf2 Bc6 23. Qe2 Qd7 24. Rfc1 Kf7 25. Rb3 Na4 26. Rb4 b5 27. b3 Nb6 28. a4
Rhb8 29. axb5 axb5 30. Bxb5 Bxb5 31. Rxb5 Nc8 32. Rbc5 Ne7 33. Rc7 Qb5 34. Qc2
Rb7 35. Rxb7 Qxb7 36. Nd3 Qa7+ 37. Kf1 Qd4 38. g3 Ra1 39. Rxa1 Qxa1+ 40. Kg2 Qd4
41. b4 Qe4+ 42. Kh3 Qc4 43. Qd2 Nc6 44. Kg2 Nd4 45. Nb2 Qe2+ 46. Qxe2 Nxe2 47.
b5 Nd4 48. b6 Ke7 49. b7 Nc6 50. Nd3 Kd8 51. Nb4 Nb8 52. Na6 Nxa6 53. Kf3 {White
resigns} 0-1

[Event "Team 45 45 League T79"]
[Site "Internet Chess Club"]
[Date "2019.01.10"]
[Round "3"]
[White "wildwood"]
[Black "drsigmund1"]
[Result "1-0"]
[WhiteElo "1530"]
[BlackElo "1463"]
[Opening "French: Winawer, advance variation"]
[ECO "C17"]
[Time "12:09:18"]
[TimeControl "2700+45"]

1. e4 e6 2. d4 d5 3. Nc3 Bb4 4. e5 c5 5. Nf3 cxd4 6. Qxd4 Nc6 7. Bb5 Bd7 8. Bxc6
Bxc3+ 9. Qxc3 Bxc6 10. Nd4 Ne7 11. Qg3 Ng6 12. O-O O-O 13. Be3 Qc7 14. f4 Bd7
15. Rac1 Ne7 16. b3 Nc6 17. Nb5 Qa5 18. a4 Ne7 19. Bc5 Bxb5 20. Bxe7 Bxf1 21.
Bxf8 Kxf8 22. Rxf1 Rc8 23. Qd3 Qc5+ 24. Rf2 g6 25. Kf1 Qc3 26. Qd1 d4 27. Rd2
Qe3 28. Rxd4 Rc3 29. Qd2 Ke7 30. Rd7+ Ke8 31. Qxe3 Rxe3 32. Rxb7 Rc3 33. Rxa7
Rxc2 {Black resigns} 1-0

[Event "Team 45 45 League T79"]
[Site "Internet Chess Club"]
[Date "2019.01.12"]
[Round "3"]
[White "howah45"]
[Black "kingphisch"]
[Result "1/2-1/2"]
[WhiteElo "1128"]
[BlackElo "1457"]
[Opening "Caro-Kann: classical, 6.h4"]
[ECO "B18"]
[Time "14:01:03"]
[TimeControl "2700+45"]

1. e4 c6 2. d4 d5 3. Nc3 dxe4 4. Nxe4 Bf5 5. Ng3 Bg6 6. h4 h6 7. h5 Bh7 8. Nf3
Nf6 9. Bc4 Nbd7 10. O-O e6 11. Qe2 Nd5 12. Bxd5 cxd5 13. Bf4 Be7 14. Rfe1 O-O
15. Rad1 Qb6 16. b3 Qc6 17. Nh2 Rac8 18. Ng4 Qxc2 19. Nxh6+ gxh6 20. Qg4+ Kh8
21. Bxh6 Rg8 22. Qe2 Qxe2 23. Rxe2 Bg5 24. Bxg5 Rxg5 25. Rdd2 Rc1+ 26. Kh2 Rg8
27. a4 Rgc8 28. b4 R1c2 29. Rxc2 Rxc2 30. Rxc2 Bxc2 31. a5 b6 32. axb6 axb6 33.
Nf1 Nf6 34. Ne3 Bd3 35. g4 Kh7 36. Kh3 Ne4 37. f3 Nd2 38. Kg3 Nf1+ 39. Nxf1 Bxf1
40. Kf4 f6 41. g5 fxg5+ 42. Kxg5 Bd3 43. h6 b5 44. f4 Bf5 45. Kh5 Bg6+ 46. Kg5
Bf5 47. Kh5 Bg6+ 48. Kg5 Bf5 49. Kh5 Bg6+ 50. Kg5 Bf5 51. Kh5 Bg6+ 52. Kg5 Bf5
53. Kh5 Bg6+ 54. Kg5 {Game drawn by repetition} 1/2-1/2

[Event "Team 45 45 League T79"]
[Site "Internet Chess Club"]
[Date "2019.01.12"]
[Round "3"]
[White "joaoazm"]
[Black "idjit"]
[Result "1-0"]
[WhiteElo "1621"]
[BlackElo "1572"]
[Opening "French: Winawer, advance, poisoned pawn variation"]
[ECO "C18"]
[Time "19:04:33"]
[TimeControl "2700+45"]

1. e4 e6 2. d4 d5 3. Nc3 Bb4 4. e5 c5 5. a3 Bxc3+ 6. bxc3 Ne7 7. Qg4 O-O 8. Bd3
Nbc6 9. Qh5 Ng6 10. Nf3 Qe7 11. Ng5 h6 12. Nf3 Bd7 13. Bxg6 fxg6 14. Qxg6 Be8
15. Qg4 Kh7 16. O-O b6 17. c4 cxd4 18. Nxd4 Nxd4 19. Qxd4 dxc4 20. Qxc4 Bg6 21.
Qb3 Rac8 22. c3 Rf5 23. f4 Qc5+ 24. Rf2 Rcf8 25. Qxe6 Qxc3 26. Bb2 Qe3 27. g3 h5
28. Rd1 h4 29. Bc1 Qc5 30. Bb2 hxg3 31. hxg3 Qe3 32. Bd4 Qe4 33. Rh2+ Rh5 34.
Rxh5+ Bxh5 35. Qh3 Qe2 36. Rf1 Qg4 37. Qxg4 Bxg4 38. Kf2 Kg6 39. Re1 Re8 40. Ke3
Kf5 41. Bb2 Re7 42. Bd4 Re8 43. Kd3 g5 44. Rf1 Ke6 45. fxg5 Rg8 46. Rf6+ Ke7 47.
Be3 Bh5 48. Kd4 Bg6 49. e6 {Black resigns} 1-0

[Event "Team 45 45 League T79"]
[Site "Internet Chess Club"]
[Date "2019.01.12"]
[Round "3"]
[White "noblitz-oblige"]
[Black "az2112"]
[Result "0-1"]
[WhiteElo "1506"]
[BlackElo "1418"]
[Opening "Giuoco Piano"]
[ECO "C54"]
[Time "22:15:57"]
[TimeControl "2700+45"]

1. e4 e5 2. Nf3 Nc6 3. Bc4 Bc5 4. c3 Nf6 5. d3 d6 6. Be3 Bb6 7. Nbd2 O-O 8. h3
Na5 9. Bxb6 axb6 10. Bb5 Nc6 11. O-O Be6 12. a3 Ne7 13. d4 c6 14. dxe5 dxe5 15.
Ba4 Qc7 16. Bb3 Bxb3 17. Qxb3 b5 18. Rac1 Ng6 19. Rfe1 Rfd8 20. c4 bxc4 21. Nxc4
Nd7 22. Red1 Nc5 23. Qe3 Ne6 24. Nb6 Ra6 25. Nd5 Qb8 26. Nb4 Ra8 27. Qc3 Nef4
28. Qc2 Ne6 29. Nd3 Nd4 30. Nxd4 Rxd4 31. Nc5 Rxd1+ 32. Rxd1 b6 33. Nd7 Qc7 34.
Qb3 Rd8 {White resigns} 0-1

[Event "Team 45 45 League T79"]
[Site "Internet Chess Club"]
[Date "2019.01.14"]
[Round "3"]
[White "seattleblues"]
[Black "OGO"]
[Result "0-1"]
[WhiteElo "1287"]
[BlackElo "1310"]
[Opening "QGD: Semi-Tarrasch defense"]
[ECO "D40"]
[Time "21:04:20"]
[TimeControl "2700+45"]

1. d4 Nf6 2. Nf3 e6 3. c4 c5 4. Nc3 d5 5. Bf4 Nbd7 6. e3 a6 7. Bd3 Be7 8. O-O
O-O 9. Qc2 g6 10. Rad1 b6 11. h3 Bb7 12. dxc5 Nxc5 13. Be2 Rc8 14. cxd5 exd5 15.
b4 Nce4 16. Be5 Bxb4 17. Rd3 Nxc3 18. Bxc3 Ne4 {White forfeits on time} 0-1

[Event "Team 45 45 League T79"]
[Site "Internet Chess Club"]
[Date "2019.01.14"]
[Round "3"]
[White "kingsrook"]
[Black "guyd52"]
[Result "1-0"]
[WhiteElo "1145"]
[BlackElo "1203"]
[Opening "King's Indian: Makagonov system (5.h3)"]
[ECO "E71"]
[Time "19:01:16"]
[TimeControl "2700+45"]

1. d4 Nf6 2. c4 g6 3. Nc3 Bg7 4. e4 d6 5. h3 Nbd7 6. Nf3 O-O 7. Be3 c6 8. Bd3
Re8 9. O-O e5 10. d5 cxd5 11. cxd5 a6 12. Qd2 Qc7 13. Rac1 b5 14. Nxb5 Qb8 15.
Nc7 Nc5 16. Nxe8 Nfxe4 17. Bxe4 Nxe4 18. Qc2 Bf5 19. Nxg7 Kxg7 20. g4 Ng3 21.
gxf5 Nxf1 22. Kxf1 Qb5+ 23. Kg2 Qxd5 24. fxg6 e4 25. Qc3+ Kxg6 26. Nh4+ Kh5 27.
Kg3 Rg8+ 28. Kh2 Kxh4 29. Qf6+ Kh5 30. Qh6# {Black checkmated} 1-0

[Event "Team 45 45 League T79"]
[Site "Internet Chess Club"]
[Date "2019.01.14"]
[Round "3"]
[White "clarinetref"]
[Black "ascoli"]
[Result "0-1"]
[WhiteElo "1470"]
[BlackElo "1689"]
[Opening "Réti opening"]
[ECO "A30"]
[Time "10:05:34"]
[TimeControl "2700+45"]

1. Nf3 c5 2. c4 Nf6 3. g3 d5 4. e3 Nc6 5. b3 e5 6. d3 Be7 7. Bg2 O-O 8. Bb2 d4
9. e4 Nd7 10. O-O a6 11. a3 b5 12. Nbd2 Rb8 13. Rb1 Nb6 14. Qc2 Be6 15. h3 Qd7
16. Kh2 Rb7 17. Ng1 Rfb8 18. f4 f6 19. Ngf3 bxc4 20. Nxc4 Nxc4 21. bxc4 exf4 22.
gxf4 Bd6 23. e5 fxe5 24. Ng5 exf4 25. Kh1 Bf5 26. Bd5+ Kf8 27. Nf7 Bxh3 28. Nxd6
Qxd6 29. Rf3 Bg4 30. Rff1 Qh6+ 31. Qh2 Qxh2+ 32. Kxh2 Rxb2+ 33. Rxb2 Rxb2+ 34.
Kg1 Bd7 35. Rxf4+ Ke8 36. Re4+ Kd8 37. Rf4 Rb3 38. Be4 Rxa3 39. Bxh7 Ne5 40.
Rf8+ Kc7 41. Rg8 Nxd3 42. Rxg7 Ne5 43. Re7 Kd6 44. Rg7 Nxc4 45. Rg6+ Kc7 46. Rg5
Kb6 47. Bg8 Ne3 48. Re5 Ra1+ {White resigns} 0-1

[Event "Team 45 45 League T79"]
[Site "Internet Chess Club"]
[Date "2019.01.13"]
[Round "3"]
[White "RD1974"]
[Black "Electryon"]
[Result "1-0"]
[WhiteElo "1607"]
[BlackElo "1436"]
[Opening "Scandinavian (center counter) defense"]
[ECO "B01"]
[Time "16:03:01"]
[TimeControl "2700+45"]

1. e4 d5 2. e5 Bf5 3. d4 e6 4. c3 c5 5. Nf3 Nc6 6. Bb5 a6 7. Bxc6+ bxc6 8. Qa4
Qb6 9. O-O Qb5 10. Qd1 Bg4 11. Na3 Qb7 12. h3 Bh5 13. Qd3 Bg6 14. Qe3 cxd4 15.
cxd4 Ne7 16. Nh4 Nf5 17. Nxf5 Bxf5 18. Nb1 Be7 19. Nd2 O-O 20. Nb3 a5 21. Nc5
Bxc5 22. dxc5 Qb4 23. a3 Qb5 24. Qc3 Rfb8 25. Re1 Qb3 26. Qd2 Rb5 27. Re3 Qc2
28. Qc3 Rxc5 29. Qd4 Qc4 30. Qd1 Rb8 31. Rc3 Qb5 32. Rg3 Rc4 33. Bh6 Bg6 34. Bc1
Qb6 35. a4 Rc2 36. Be3 Qxb2 37. Bd4 Rd2 38. Bxb2 Rxd1+ 39. Rxd1 Rxb2 40. Rc3 Rb6
41. Rc5 Ra6 42. Rdc1 h6 43. Rxc6 Rxc6 44. Rxc6 d4 45. Kf1 Bc2 46. Rc5 Bxa4 47.
Rxa5 Bc2 48. Ke2 d3+ 49. Kd2 Kh7 50. Ra7 Kg6 51. f4 f6 52. exf6 gxf6 53. Ra6 h5
54. Rxe6 Kf5 55. Rb6 h4 56. Ke3 Kg6 57. Rb8 Kg7 58. Rd8 f5 59. Rd6 Bb1 60. Kf2
Bc2 61. g3 hxg3+ 62. Kxg3 Kf7 63. h4 Ke7 64. Rd4 Kf6 65. h5 Kg7 66. Kh4 Kh6 67.
Rd6+ Kh7 68. Kg5 Kg7 69. h6+ Kh7 70. Rd7+ Kh8 71. Kg6 {Black resigns} 1-0

[Event "Team 45 45 League T79"]
[Site "Internet Chess Club"]
[Date "2019.01.11"]
[Round "3"]
[White "XGG123"]
[Black "CMAlge"]
[Result "1-0"]
[WhiteElo "1415"]
[BlackElo "1269"]
[Opening "Bishop's opening/Petrov: Urusov gambit"]
[ECO "C24"]
[Time "21:00:52"]
[TimeControl "2700+45"]

1. e4 e5 2. Bc4 Nf6 3. d4 exd4 4. Nf3 d5 5. exd5 Nxd5 6. Qxd4 Be6 7. O-O Nc6 8.
Qe4 Bc5 9. Rd1 Qe7 10. Bxd5 Bxd5 11. Qxe7+ Nxe7 12. Nc3 Bxf3 13. gxf3 O-O 14.
Bf4 c6 15. Rd7 Nd5 16. Nxd5 cxd5 17. Rxd5 Rac8 18. Rd7 b5 19. c3 Rc6 20. Rad1
Rg6+ 21. Bg3 h5 22. R7d5 h4 23. Rxc5 hxg3 24. fxg3 a6 25. Rcd5 Re8 26. Rd8 Re6
27. Rxe8+ Rxe8 28. Kf2 g6 29. Rd6 a5 30. Rb6 Re5 31. Rd6 Kg7 32. Rd4 Rh5 33. Rh4
Rd5 34. Rd4 Rh5 35. h4 g5 36. Rg4 f6 37. f4 Kg6 38. fxg5 fxg5 39. Rxg5+ Rxg5 40.
hxg5 Kxg5 41. Kf3 Kf5 42. g4+ Kg5 43. Kg3 a4 44. b3 axb3 45. axb3 {Black
resigns} 1-0

[Event "Team 45 45 League T79"]
[Site "Internet Chess Club"]
[Date "2019.01.14"]
[Round "3"]
[White "seldredg"]
[Black "sdcohle"]
[Result "1/2-1/2"]
[WhiteElo "1300"]
[BlackElo "1412"]
[Opening "Queen's pawn: London system"]
[ECO "A45"]
[Time "19:45:47"]
[TimeControl "2700+45"]

1. d4 Nf6 2. Bf4 d6 3. Nf3 g6 4. Nc3 Bg7 5. Qd2 O-O 6. Bh6 b6 7. Bxg7 Kxg7 8. h3
Bb7 9. g4 Nbd7 10. Rg1 e5 11. O-O-O e4 12. Ng5 d5 13. h4 Qe7 14. Bh3 h6 15. h5
hxg5 16. Qxg5 Ng8 17. Qe3 g5 18. Rh1 f6 19. Rh2 Nh6 20. f3 Qd6 21. Rg2 exf3 22.
Qxf3 Rae8 23. Qd3 Qf4+ 24. Kb1 f5 25. gxf5 Nxf5 26. Bxf5 Rxf5 27. h6+ Kxh6 28.
Rh1+ Kg6 29. Rgh2 Kf7 30. Rh7+ Ke6 31. R1h6+ Rf6 32. Rh1 Kd6 33. Nb5+ Kc6 34.
Nxa7+ Kd6 35. Nb5+ Kc6 36. Na7+ Kd6 37. Nb5+ Kc6 38. Na7+ Kd6 {Game drawn by
repetition} 1/2-1/2

[Event "Team 45 45 League T79"]
[Site "Internet Chess Club"]
[Date "2019.01.13"]
[Round "3"]
[White "Conjurer"]
[Black "mongmong"]
[Result "0-1"]
[WhiteElo "1186"]
[BlackElo "1463"]
[Opening "Queen's pawn"]
[ECO "A40"]
[Time "13:00:49"]
[TimeControl "2700+45"]

1. d4 e6 2. Bf4 Nf6 3. e3 c5 4. c3 Be7 5. Nf3 Nc6 6. Bc4 d5 7. Bb3 O-O 8. O-O b5
9. Na3 c4 10. Bc2 Bxa3 11. bxa3 h6 12. a4 bxa4 13. Bxa4 Bd7 14. Bd6 Re8 15. Ne5
Nxe5 16. Bxe5 Ne4 17. Bxd7 Qxd7 18. Qg4 f5 19. Qg6 Nxc3 20. Rfe1 Qf7 21. Qg3 Ne4
22. Qf3 Red8 23. Qd1 Rd7 24. Qc2 a6 25. Rab1 Rb7 26. f3 Rxb1 27. Rxb1 Nf6 28.
Qa4 Qd7 29. Qa5 Ne8 30. Qa3 a5 31. Qc3 a4 32. a3 Ra7 33. Rb8 Rb7 34. Qa5 Rxb8
35. Bxb8 Nf6 36. Bg3 Kf7 37. Be1 Ng8 38. Bb4 Ne7 39. Qc5 Ng6 40. g3 e5 41. h4
exd4 42. Qxd4 Qe6 43. Qa7+ Ne7 44. h5 Qf6 45. Qxa4 Qg5 46. Kf2 Qxh5 47. Bxe7
Kxe7 48. Qa7+ Kf8 49. Qc5+ Ke8 50. Qxd5 Qh2+ 51. Ke1 Qxg3+ 52. Kd2 Qf2+ 53. Kc3
Qxe3+ 54. Kxc4 Qxa3 55. Qe6+ Qe7 56. Qxf5 Qf7+ 57. Qxf7+ Kxf7 58. Kd5 Kf6 59.
Ke4 g6 60. Kf4 h5 61. Kg3 g5 62. Kh3 Kf5 63. Kg3 h4+ 64. Kh2 Kf4 65. Kg2 Ke3 66.
Kh3 Kxf3 67. Kh2 g4 68. Kg1 g3 69. Kh1 g2+ 70. Kh2 Kf2 71. Kh3 g1=R 72. Kxh4 Kf3
73. Kh5 Kf4 74. Kh6 Kf5 75. Kh7 Kf6 76. Kh8 Kg6 {White resigns} 0-1

[Event "Team 45 45 League T79"]
[Site "Internet Chess Club"]
[Date "2019.01.13"]
[Round "3"]
[White "dabodhi"]
[Black "bardu"]
[Result "1-0"]
[WhiteElo "1252"]
[BlackElo "1246"]
[Opening "Sicilian: Canal-Sokolsky attack, 3...Bd7"]
[ECO "B52"]
[Time "20:05:19"]
[TimeControl "2700+45"]

1. e4 c5 2. Nf3 d6 3. Bb5+ Bd7 4. Bxd7+ Qxd7 5. c3 Nf6 6. Qe2 Nc6 7. d4 cxd4 8.
cxd4 d5 9. e5 Ne4 10. Nc3 Nxc3 11. bxc3 e6 12. O-O Be7 13. Be3 O-O 14. Rfd1 f6
15. Bf4 fxe5 16. Bxe5 Bd6 17. Ng5 h6 18. Nf3 Rf5 19. Bxd6 Qxd6 20. Nh4 Rf6 21.
Nf3 Re8 22. Ne5 Nxe5 23. dxe5 {Black resigns} 1-0

[Event "Team 45 45 League T79"]
[Site "Internet Chess Club"]
[Date "2019.01.13"]
[Round "3"]
[White "guyd52"]
[Black "Just-Jim"]
[Result "0-1"]
[WhiteElo "1223"]
[BlackElo "1326"]
[Opening "Réti opening"]
[ECO "A04"]
[Time "17:00:58"]
[TimeControl "2700+45"]

1. Nf3 Nc6 2. g3 d5 3. Bg2 e5 4. d3 h6 5. Nbd2 Be7 6. O-O Bf5 7. e4 dxe4 8. dxe4
Bg6 9. Qe2 Nf6 10. Rd1 Qc8 11. c3 O-O 12. Nh4 Bh5 13. Bf3 Bxf3 14. Ndxf3 Bc5 15.
b4 Bb6 16. b5 Ng4 17. Rf1 Ne7 18. Kg2 g5 19. Ba3 Re8 20. Bxe7 Rxe7 21. Nf5 Re8
22. h3 Nxf2 23. Rxf2 Bxf2 24. Qxf2 Qe6 25. Qe2 Rad8 26. g4 Rd7 27. a4 Red8 28.
c4 Rd3 29. Qb2 f6 30. Nxh6+ Kh7 31. Nf5 Qxc4 32. h4 gxh4 33. N5xh4 Re3 34. Rh1
Re2+ 35. Qxe2 Qxe2+ 36. Kg3 Kg8 37. Ng6 Kg7 38. Rh2 Qxe4 39. Ngh4 Qf4+ 40. Kh3
Rh8 41. a5 Qxf3# {White checkmated} 0-1

[Event "Team 45 45 League T79"]
[Site "Internet Chess Club"]
[Date "2019.01.12"]
[Round "3"]
[White "kingsrook"]
[Black "rhayder"]
[Result "1-0"]
[WhiteElo "1125"]
[BlackElo "1139"]
[Opening "King's Indian: Makagonov system (5.h3)"]
[ECO "E71"]
[Time "17:30:55"]
[TimeControl "2700+45"]

1. d4 Nf6 2. c4 g6 3. Nc3 Bg7 4. e4 d6 5. h3 Nbd7 6. Qc2 c5 7. Be3 b6 8. Nf3 Bb7
9. Bd3 Qc7 10. O-O O-O 11. d5 Rab8 12. Nb5 Qd8 13. Nxa7 Ba6 14. Nc6 {Black
resigns} 1-0